 Dungeon Crawl Stone Soup version 0.22-a0-803-gd6d8abe (webtiles) character file.

942 KyrpaJooseppi the Conjurer (level 7, -1/46 HPs)
             Began as a Vampire Ice Elementalist on July 22, 2018.
             Slain by Prince Ribbit (13 damage)
             ... on level 5 of the Dungeon.
             The game lasted 00:18:56 (5283 turns).

KyrpaJooseppi the Conjurer (VpIE)                   Turns: 5283, Time: 00:18:56

Health: -1/46      AC:  2    Str:  9    XL:     7   Next: 88%
Magic:  2/12       EV: 12    Int: 18    God:
Gold:   204        SH:  0    Dex: 14    Spells: 0/13 levels left

rFire    + . .     SeeInvis +   a - +0 hand axe (flame)
rCold    . . .     Gourm    .   (no shield)
rNeg     + . .     Faith    .   r - +0 robe (curse)
rPois    .         Spirit   .   (no helmet)
rElec    .         Reflect  .   (no cloak)
rCorr    .         Harm     .   (no gloves)
MR       .....                  (no boots)
Stlth    +++.......             (no amulet)
HPRegen  0.35/turn              F - ring of protection from fire
MPRegen  0.13/turn              N - ring of positive energy

@: very slightly contaminated, regenerating quickly, invisible (expiring)
A: fangs 3, see invisible, unbreathing
a: no special abilities


You were on level 5 of the Dungeon.
You were full.

You visited 1 branch of the dungeon, and saw 5 of its levels.

You collected 204 gold pieces.

Inventory:

Hand Weapons
 a - a +0 hand axe of flaming (weapon)
 b - a +0 dagger
 p - a +0 falchion
Armour
 l - a +0 ring mail
 r - a cursed +0 robe (worn)
Jewellery
 F - a ring of protection from fire (left hand)
 N - a ring of positive energy (right hand)
Wands
 f - a wand of polymorph (6)
Scrolls
 c - 2 scrolls of identify
 e - a scroll of blinking
 i - a scroll of teleportation
 j - 4 scrolls of remove curse
 m - a scroll of enchant weapon {unknown}
 t - a scroll of fog {unknown}
Potions
 d - a potion of berserk rage {unknown}
 g - a potion of resistance {unknown}
 h - a potion of lignification {unknown}
 k - a potion of cancellation {unknown}
 n - a potion of heal wounds {unknown}
 q - 9 potions of blood
 s - 3 potions of curing


   Skills:
 - Level 2.2 Dodging
 + Level 4.1 Stealth
 - Level 3.6 Spellcasting
 - Level 5.1 Conjurations
 + Level 2.2 Hexes
 - Level 5.0 Ice Magic


You couldn't memorise any spells.
You knew the following spells:

 Your Spells              Type           Power        Failure   Level  Hunger
c - Confuse               Hex            ##......     19%         3    ###....
i - Throw Icicle          Conj/Ice       ###.....     19%         4    ####...
o - Ozocubu's Armour      Chrm/Ice       ##......     16%         3    ###....
t - Throw Frost           Conj/Ice       ###...       2%          2    ##.....
z - Freeze                Ice            ###.         1%          1    None

Your spell library contained the following spells:

 Spells                   Type           Power        Failure   Level  Hunger
 Fireball                 Conj/Fire      ##........   83%         5    ######.
 Conjure Flame            Conj/Fire      ##......     16%         3    ###....
 Throw Flame              Conj/Fire      ##....       9%          2    ##.....
 Sticky Flame             Conj/Fire      ##......     47%         4    ####...
 Summon Ice Beast         Ice/Summ       ##......     47%         4    ####...
 Tukima's Dance           Hex            ##......     19%         3    ###....
 Confusing Touch          Hex            ##....       6%          1    None
 Flame Tongue             Conj/Fire      ##...        5%          1    None
 Ensorcelled Hibernation  Hex/Ice        ###...       4%          2    ##.....
 Metabolic Englaciation   Hex/Ice        ###.......   67%         5    ######.
 Corona                   Hex            ##.....      6%          1    None
 Petrify                  Tmut/Erth      #.......     83%         4    ####...
 Inner Flame              Hex/Fire       #.......     28%         3    ###....
 Dazzling Spray           Conj/Hex       ###...       10%         3    ###....
 Gell's Gravitas          Tloc           #.........   43%         3    ###....
 Yara's Violent Unravell  Hex/Tmut       #.........   95%         5    ######.


Dungeon Overview and Level Annotations

Branches:
Dungeon (5/15)
 Temple: D:4-7

Altars:
Elyvilon
Kikubaaqudgha
Okawaru
Trog
Vehumet
Wu Jian

Annotations:
D:5 Prince Ribbit


Innate Abilities, Weirdness & Mutations

Your natural rate of healing is unusually fast.
You have razor-sharp teeth.
You have supernaturally acute eyesight. (SInv)
You can survive without breathing.


Message History

Casting: Confuse (safe; 19% risk of failure)
Confirm with . or Enter, or press ? or * to list all spells.
Aiming: Confuse (safe; 19% risk of failure)
Press: ? - help, Shift-Dir - straight line, f/p - Prince Ribbit
Aim: Prince Ribbit (moderately wounded, slow, hasn't noticed you, chance to defeat MR: 26%) Prince Ribbit appears confused.
You flicker for a moment.
Evoke which item? (* to show all) (? for menu, Esc to quit)
Okay, then.
Prince Ribbit is no longer moving slowly.
Prince Ribbit misses you.
Casting: Confuse (safe; 19% risk of failure)
Confirm with . or Enter, or press ? or * to list all spells.
Aiming: Freeze (safe; 1% risk of failure)
Press: ? - help, Shift-Dir - straight line, f/p - Prince Ribbit
Aim: Prince Ribbit (moderately wounded, confused)
You freeze Prince Ribbit.
Prince Ribbit seems to slow down.
Prince Ribbit is heavily wounded.
Prince Ribbit hits you!
You die...

#.#
#.#
#.#
#.#
#.#
#.#
#.#
##F#
#@.#
#.##
#.#
#.#
#.#
#.#
#.#
#.#
#.#


You could see Prince Ribbit (confused).

Vanquished Creatures
  Edmund (D:4)
  A sky beast (D:5)
  An ogre (D:5)
  A crocodile (D:4)
  2 scorpions (D:4)
  A bullfrog zombie (D:5)
  A crimson imp (D:4)
  2 orc priests (D:5)
  3 orc wizards
  A worker ant (D:4)
  A hound skeleton (D:5)
  A howler monkey skeleton (D:4)
  8 gnolls
  6 adders
  5 worms
  2 dart slugs
  3 leopard geckos
  15 orcs
  3 ball pythons
  5 bats
  3 giant cockroaches
  9 goblins
  5 hobgoblins
  A quokka (D:5)
  6 frilled lizards
  A giant cockroach zombie (D:5)
  8 kobolds
  A quokka skeleton (D:5)
  5 rats
102 creatures vanquished.

Notes
Turn   | Place    | Note
-------+----------+-------------------------------------------
     0 | D:1      | KyrpaJooseppi the Vampire Ice Elementalist began the quest for the Orb.
     0 | D:1      | Reached XP level 1. HP: 13/13 MP: 3/3
   301 | D:1      | Reached XP level 2. HP: 19/19 MP: 3/5
   363 | D:1      | Learned a level 2 spell: Throw Frost
   927 | D:2      | Reached XP level 3. HP: 20/24 MP: 1/7
  1266 | D:2      | Learned a level 3 spell: Ozocubu's Armour
  1760 | D:2      | Found a radiant altar of Vehumet.
  2260 | D:3      | Reached XP level 4. HP: 28/30 MP: 3/8
  2368 | D:3      | Found an ornate altar of the Wu Jian Council.
  2722 | D:3      | Found an iron altar of Okawaru.
  2973 | D:3      | Learned a level 4 spell: Throw Icicle
  3136 | D:4      | Reached XP level 5. HP: 35/35 MP: 6/10
  3176 | D:4      | Reached skill level 1 in Conjurations
  3230 | D:4      | Reached skill level 5 in Ice Magic
  3466 | D:4      | Found a bloodstained altar of Trog.
  3476 | D:4      | Reached XP level 6. HP: 39/41 MP: 5/11
  3604 | D:4      | Noticed Eustachio
  3973 | D:4      | Found an ancient bone altar of Kikubaaqudgha.
  4038 | D:4      | Noticed Eustachio
  4038 | D:4      | Eustachio changed into Eustachio the crocodile
  4058 | D:4      | Killed Eustachio the crocodile
  4241 | D:4      | Noticed Edmund
  4252 | D:4      | Killed Edmund
  4252 | D:4      | Reached XP level 7. HP: 29/46 MP: 3/12
  4383 | D:5      | Entered Level 5 of the Dungeon
  4513 | D:5      | Found a white marble altar of Elyvilon.
  4659 | D:5      | Reached skill level 5 in Conjurations
  4713 | D:5      | Learned a level 3 spell: Confuse
  4957 | D:5      | Reached skill level 1 in Hexes
  5260 | D:5      | Noticed Prince Ribbit
  5283 | D:5      | Slain by Prince Ribbit

Vault maps used:
D:1:      elethiomel_arrival_maze, st_stairs_4
D:2:      lemuel_coloured_pillars_altar, first_ration, minmay_bisected
D:3:      okawaru_metal_pillars_1_2, nicolae_overflow_crystal_walls
D:4:      kiku_gazebo_pond_becter, lightli_temple_of_fire, uniq_edmund,
          uniq_eustachio
D:5:      kennysheep_little_box, uniq_grinder, uniq_prince_ribbit1

Skill      XL: |  1  2  3  4  5  6  7 |
---------------+----------------------+-----
Spellcasting   | 3 |  3.6
Ice Magic      | 4 5 |  5.0
Conjurations   | 2 4 5 |  5.1
Hexes          | 2 |  2.2
Stealth        | 4 |  4.1
Dodging        | |  2.2

Action                   |  1- 3 |  4- 6 |  7- 9 || total
-------------------------+-------+-------+-------++-------
Melee: Hand axe          |    10 |     1 |    17 ||    28
       Bite              |     1 |     1 |     1 ||     3
       Spear             |       |    21 |       ||    21
       Falchion          |       |     4 |       ||     4
       Dire flail        |       |       |    16 ||    16
 Cast: Freeze            |    81 |   104 |    44 ||   229
       Ozocubu's Armour  |       |     1 |     2 ||     3
       Confuse           |       |       |     1 ||     1
 Abil: End Transformatio |       |       |     1 ||     1
       Bat Form          |       |       |     1 ||     1
Evoke: Wand              |       |     2 |       ||     2
  Use: Potion            |     6 |    13 |     6 ||    25
       Scroll            |     6 |     1 |     3 ||    10
 Stab: Sleeping          |       |     1 |       ||     1
Armor: Robe              |    15 |     6 |    26 ||    47
Dodge: Dodged            |    55 |    58 |    50 ||   163
       Rpst.: Falchion   |       |    11 |       ||    11

Table legend:
 A = Spawn XP
 B = Non-spawn XP
 C = Spawn XP percentage of total XP
 D = Spawn monster count
 E = Non-spawn monster count
 F = Spawn count percentage of total count
 G = Total turns spent on level
                    A         B        C        D         E        F      G
               +---------+---------+-------+---------+---------+-------+---------
         Total |       0 |    1346 |   0.0 |       0 |     102 |   0.0 |  5283
               +---------+---------+-------+---------+---------+-------+---------
           D:1 |       0 |      28 |   0.0 |       0 |      18 |   0.0 |   755
           D:2 |       0 |      61 |   0.0 |       0 |      20 |   0.0 |  1341
           D:3 |       0 |     135 |   0.0 |       0 |      20 |   0.0 |  1111
           D:4 |       0 |     653 |   0.0 |       0 |      25 |   0.0 |  1373
           D:5 |       0 |     469 |   0.0 |       0 |      19 |   0.0 |   703
               +---------+---------+-------+---------+---------+-------+---------
